 Dungeon Crawl Stone Soup version 0.28.0-1-gb440e238dd (webtiles) character file.

Game seed: 2658788575353191915

157 issech the Cudgeller (level 5, -5/53 HPs)
             Began as a Troll Monk on Feb 24, 2022.
             Slain by a gnoll (12 damage)
             ... on level 4 of the Dungeon.
             The game lasted 00:05:46 (2550 turns).

issech the Cudgeller (Troll Monk)                   Turns: 2550, Time: 00:05:46

Health: -5/53      AC:  4    Str: 19    XL:     5   Next: 15%
Magic:  4/4        EV: 11    Int:  6    God:
Gold:   81         SH:  0    Dex: 20    Spells: 4/4 levels left

rFire   . . .      SeeInvis .   a - +0 mace
rCold   . . .      Faith    .   (no shield)
rNeg    . . .      Spirit   .   b - +0 robe
rPois   .          Reflect  .   (helmet restricted)
rElec   .          Harm     .   (no cloak)
rCorr   .          Rampage  .   (gloves unavailable)
Will    .....                   (boots unavailable)
Stlth   ++........              (no amulet)
HPRegen 0.97/turn               n - +6 ring of dexterity
MPRegen 0.09/turn               (no ring)

@: no status effects
A: large, unfitting armour, claws 3, regeneration 1, shaggy fur 1, tough skin 1
a: no special abilities


You were on level 4 of the Dungeon.
You visited 1 branch of the dungeon, and saw 4 of its levels.

You collected 81 gold pieces.

Inventory:

Hand Weapons
 a - a +0 mace (weapon)
Missiles
 e - 65 stones
 i - 3 curare-tipped darts
 l - 6 boomerangs (quivered)
 v - 2 javelins
Armour
 b - a +0 robe (worn)
 m - a scarf of harm
Jewellery
 n - a +6 ring of dexterity (left claw)
Scrolls
 c - 2 scrolls of teleportation
 d - 4 scrolls of identify {unknown}
 f - a scroll of fog {unknown}
 j - a scroll of enchant weapon {unknown}
 p - a scroll of brand weapon {unknown}
 q - a scroll of acquirement {unknown}
 t - 2 scrolls of amnesia {unknown}
 u - a scroll of fear {unknown}
Potions
 g - a potion of berserk rage {unknown}
 h - a potion of ambrosia {unknown}
 k - 2 potions of invisibility {unknown}
 o - a potion of curing {unknown}
 r - a potion of magic {unknown}
 s - a potion of degeneration {unknown}


   Skills:
 + Level 3.1 Fighting
 + Level 3.9 Maces & Flails
 + Level 3.2 Dodging
 + Level 1.3 Stealth


You had 4 spell levels left.
You didn't know any spells.
Your spell library was empty.

Dungeon Overview and Level Annotations

Branches:
Dungeon (4/15)
 Temple: D:4-7

Altars:


Innate Abilities, Weirdness & Mutations

You are too large for most types of armour.
You have claws for hands.
Your natural rate of healing is unusually fast.
You are covered in fur. (AC +1)
You have tough skin. (AC +1)


Message History

You hit the giant cockroach but do no damage.
The giant cockroach is moderately wounded.
The giant cockroach bites you.
You hit the giant cockroach.
You kill the giant cockroach!
You closely miss the gnoll. The gnoll hits you but does no damage.
The gnoll hits you with a +0 whip.
You hit the gnoll but do no damage. The gnoll hits you with a +0 whip.
You hit the gnoll.
The gnoll is moderately wounded.
The gnoll barely misses you.
You hit the gnoll but do no damage.
The gnoll is moderately wounded.
You closely miss the gnoll.
The gnoll is moderately wounded.
The gnoll hits you with a +0 flail. The gnoll hits you with a +0 whip.
You hit the gnoll.
The gnoll is severely wounded.
The gnoll closely misses you. The gnoll barely misses you.
The gnoll closely misses you.
You closely miss the gnoll.
The gnoll is severely wounded.
The gnoll barely misses you. The gnoll completely misses you.
The gnoll hits you but does no damage.
You hit the gnoll.
The gnoll is almost dead.
The gnoll hits you with a +0 flail. The gnoll closely misses you.
You hit the gnoll.
You kill the gnoll!
The gnoll hits you with a +0 flail!
You hit the gnoll but do no damage. The gnoll hits you with a +0 flail!
* * * LOW HITPOINT WARNING * * *
You hit the gnoll but do no damage. The gnoll misses you.
You closely miss the gnoll. The gnoll hits you but does no damage.
The gnoll hits you with a +0 flail!
* * * LOW HITPOINT WARNING * * *
The gnoll hits you with a +0 flail.
* * * LOW HITPOINT WARNING * * *
The gnoll hits you with a +0 flail!
You die...

.......###...#...###
...................#
..................##
...####.###....#.##
.......<....######
..#.#.....#.####
##..###.##.#### #.##
#.))....# ..
##.#..@.# ...###
####g.##
#.....##.###g##
#.............#
#............#
##............##
#..............#
#g.............#
g..............#


You could see 2 gnolls.

Vanquished Creatures
  A jelly (D:2)
  3 gnolls (D:4)
  4 adders
  3 dart slugs
  An endoplasm (D:2)
  3 giant cockroaches
  4 goblins
  7 hobgoblins
  4 jackals (D:2)
  5 kobolds
  2 quokkas (D:1)
  5 ball pythons
  3 bats
  4 frilled lizards
  3 rats
52 creatures vanquished.

Notes
Turn   | Place    | Note
-------+----------+-------------------------------------------
     0 | D:1      | issech the Troll Monk began the quest for the Orb.
     0 | D:1      | Reached XP level 1. HP: 22/22 MP: 0/0
   152 | D:1      | Reached XP level 2. HP: 28/29 MP: 1/1
   294 | D:1      | Found a faded altar of an unknown god.
   733 | D:2      | Reached XP level 3. HP: 26/36 MP: 2/2
   877 | D:2      | Reached XP level 4. HP: 8/45 MP: 3/3
  2470 | D:4      | Reached XP level 5. HP: 21/53 MP: 4/4
  2550 | D:4      | Slain by a gnoll

Illustrated notes

Levels and vault maps discovered:
D:1:      roderic_chinese_lattice_arrival, layout_basic,
          ebering_ecumenical_altar_mist
D:2:      layout_loops_ring
D:3:      minmay_inner_zag, layout_basic
D:4:      layout_cave_pools

Skill      XL: |  1  2  3 |
---------------+----------+-----
Maces & Flails | 3 |  3.9
Fighting       | 3 |  3.1
Dodging        | 3 |  3.2
Stealth        | |  1.3

Action                   |  1- 3 |  4- 6 || total
-------------------------+-------+-------++-------
Melee: Mace              |    77 |    96 ||   173
       Punch             |     1 |     1 ||     2
  Use: Scroll            |     1 |       ||     1
 Stab: Sleeping          |     1 |     4 ||     5
       Distracted        |     1 |       ||     1
Armor: Robe              |    33 |    31 ||    64
Dodge: Dodged            |    49 |    58 ||   107
